 Dungeon Crawl Stone Soup version 0.27-a0-1612-gde56a17b89 (webtiles) character file.

Game seed: 17106290513558155608

235 dolemite99 the Chiller (level 5, -8/37 (38) HPs)
             Began as a Draconian Ice Elementalist on July 22, 2021.
             Was a Believer of Vehumet.
             Mangled by a wight (16 damage)
             ... on level 3 of the Dungeon.
             The game lasted 00:07:52 (5308 turns).

dolemite99 the Chiller (Draconian Ice Elementalist) Turns: 5308, Time: 00:07:53

HP:   -8/37 (38)    AC: 12    Str: 10    XL:     5   Next: 76%
MP:   16/18         EV: 12    Int: 17    God:    Vehumet [**....]
Gold: 131           SH:  0    Dex: 15    Spells: 3/10 levels left

rFire    . . .     SeeInvis .   g - +0 dagger
rCold    + + .     Faith    .   (no shield)
rNeg     . . .     Spirit   .   (armour unavailable)
rPois    .         Reflect  .   h - +4 hat "Biefovai" {rC++ Dex+4}
rElec    .         Harm     .   e - +1 cloak
rCorr    .         Rampage  .   f - +0 pair of gloves
Will     .....                  (no boots)
Stlth    ++........             (no amulet)
HPRegen  0.12/turn              j - ring of magical power
MPRegen  0.16/turn              (no ring)

@: lightly drained
A: AC +5, unfitting armour, cold-blooded
a: Renounce Religion


You were on level 3 of the Dungeon.
You worshipped Vehumet.
Vehumet was pleased with you.
You visited 1 branch of the dungeon, and saw 4 of its levels.

You collected 142 gold pieces.
You spent 11 gold pieces at shops.

Inventory:

Hand Weapons
 c - a +0 club
 g - a +0 dagger (weapon)
 m - a +0 dagger
 w - a +0 mace of holy wrath
Missiles
 b - 21 stones
 k - 29 bolts
 n - 15 arrows
 o - 12 boomerangs (quivered)
Armour
 e - a +1 cloak (worn)
 f - a +0 pair of gloves (worn)
 h - the +4 hat "Biefovai" (worn) {rC++ Dex+4}
   (You acquired it on level 4 of the Dungeon)

   Dex:       It affects your dexterity (+4).
   rC:        It greatly protects you from cold.
 i - a +0 pair of gloves
Jewellery
 j - a ring of magical power (left hand)
Scrolls
 a - 2 scrolls of noise
Potions
 d - 2 potions of magic
 p - a potion of cancellation


   Skills:
 - Level 1.7 Dodging
 - Level 1.7 Stealth
 - Level 3.0 Spellcasting
 + Level 3.1 Conjurations
 - Level 5.7 Ice Magic


You had 3 spell levels left.
You knew the following spells:

 Your Spells              Type           Power      Damage    Failure   Level
a - Freeze                Ice            84%        1d10      1%          1
b - Frozen Ramparts       Ice            42%        1d6       4%          3
c - Magic Dart            Conj           52%        1d5       4%          1
d - Static Discharge      Conj/Air       7%         N/A       14%         2

Your spell library contained the following spells:

 Spells                   Type           Power      Damage    Failure   Level
 Ozocubu's Armour         Ice            21%        N/A       4%          3
 Call Imp                 Summ           2%         N/A       26%         2
 Mephitic Cloud           Conj/Pois/Air  6%         N/A       34%         3
 Hailstorm                Conj/Ice       17%        3d6       28%         4
 Summon Lightning Spire   Summ/Air       2%         N/A       86%         4
 Storm Form               Tmut/Air       1%         N/A       100%        7
 Maxwell's Capacitive Co  Air            1%         ∞         100%        8


Dungeon Overview and Level Annotations

Branches:
Dungeon (4/15)             Temple (0/1) D:4

Altars:
Dithmenos
Vehumet

Shops:
D:1 ?


Innate Abilities, Weirdness & Mutations

Your plain brown scales are hard. (AC +5)
You cannot fit into any form of body armour.
You are cold-blooded and may be slowed by cold attacks.


Message History

The wall freezes the wight but does no damage.
The wight barely misses you.
The wight completely resists.
The wall freezes the wight but does no damage.
Casting: Static Discharge (safe; 16% risk of failure)
Confirm with . or Enter, or press ? or * to list all spells.
The wight is struck by an arc of lightning!
The wight is severely damaged.
The lightning grounds out.
The wight completely resists.
The wall freezes the wight but does no damage.
The wight hits you but does no damage.
The wight resists.
The wall freezes the wight.
The wight hits you with a +0 falchion!
The wight completely resists.
The wall freezes the wight but does no damage.
Casting: Static Discharge (safe; 16% risk of failure)
Confirm with . or Enter, or press ? or * to list all spells.
The wight is struck by an arc of lightning.
The wight is almost destroyed.
The lightning grounds out.
The wight resists.
The wall freezes the wight.
You destroy the wight!
Vehumet accepts your kill.
You feel your power returning.
The wight resists.
The wall freezes the wight.
The wight barely misses you.
The wight completely resists.
The wall freezes the wight but does no damage.
Your Conjurations skill increases to level 3!
Casting: Static Discharge (safe; 14% risk of failure)
Confirm with . or Enter, or press ? or * to list all spells.
The wight is struck by an arc of lightning.
The wight is moderately damaged.
The lightning grounds out.
The frozen ramparts melt away.
The wight barely misses you.
The wight hits you with a +4 battleaxe of freezing!
* * * LOW HITPOINT WARNING * * *
Magic courses through your body. The wight barely misses you. x2
Casting: Static Discharge (safe; 14% risk of failure)
Confirm with . or Enter, or press ? or * to list all spells.
The wight is struck by an arc of lightning.
The wight is almost destroyed.
The lightning grounds out.
The wight closely misses you.
The wight hits you with a +4 battleaxe of freezing!
You die...

#....##.......# #....##.......#
#....##.......#
####....##.......#
#................#
#.....#....####### #.....#....#
#.....#....########
#.....#.....#@z...#
#.....#.....#z###.#
#.....#...........#
#.....#....##..####
#########.###..## ######## #.#
#...############## #......# #.#
#.................
#......###.#####.####........##
#..........#......# #........#


You could see 2 wights.

Vanquished Creatures
  2 wights (D:3)
  An orc priest (D:3)
  A hound skeleton (D:2)
  An adder (D:3)
  4 dart slugs
  10 orcs (D:3)
  8 ball pythons
  8 endoplasms
  A giant cockroach (D:1)
  3 goblins
  10 hobgoblins
  9 jackals
  A quokka (D:4)
  A ball python skeleton (D:2)
  A ball python zombie (D:2)
  5 bats
  6 frilled lizards
  3 kobolds
  A quokka zombie (D:2)
  4 rats
80 creatures vanquished.

Vanquished Creatures (others)
  A withered plant (D:2)
1 creature vanquished.

Grand Total: 81 creatures vanquished

Notes
Turn   | Place    | Note
-------+----------+-------------------------------------------
     0 | D:1      | dolemite99 the Draconian Ice Elementalist began the quest
                  | for the Orb.
     0 | D:1      | Reached XP level 1. HP: 14/14 MP: 3/3
   239 | D:1      | Found Difawk's Magic Scroll Shoppe.
   256 | D:1      | Bought a scroll of noise for 11 gold pieces
   508 | D:1      | Reached XP level 2. HP: 20/20 MP: 3/5
  1463 | D:1      | Reached skill level 5 in Ice Magic
  1534 | D:1      | Reached XP level 3. HP: 24/26 MP: 4/6
  2135 | D:2      | Found a faded altar of an unknown god.
  2144 | D:2      | Became a worshipper of Vehumet
  2144 | D:2      | Reached * piety under Vehumet
  2144 | D:2      | Offered knowledge of Magic Dart by Vehumet.
  2150 | D:2      | Learned a level 1 spell: Magic Dart
  2154 | D:2      | Learned a level 3 spell: Frozen Ramparts
  2996 | D:2      | Reached XP level 4. HP: 33/33 MP: 5/7
  3926 | D:3      | Offered knowledge of Static Discharge by Vehumet.
  3936 | D:3      | Learned a level 2 spell: Static Discharge
  3974 | D:3      | Reached ** piety under Vehumet
  4246 | D:3      | Reached skill level 1 in Conjurations
  4246 | D:3      | Reached XP level 5. HP: 38/38 MP: 9/9
  4533 | D:4      | Identified a scroll of acquirement
  4533 | D:4      | Acquired the +4 hat "Biefovai" {rC++ Dex+4}
  4548 | D:4      | Found a shadowy altar of Dithmenos.
  5308 | D:3      | Mangled by a wight

Illustrated notes

Levels and vault maps discovered:
D:1:      lightli_arrival_quake, layout_loops_cross, serial_shops,
          nicolae_shop_stone, chequers_serial_rivers_micro_e
D:2:      layout_rooms, serial_undead, serial_undead_e, serial_undead_a,
          serial_undead_a, serial_undead_b, shapermc_ecumenical_altar_venn,
          kennysheep_generic_room_15
D:3:      layout_basic, chequers_serial_rivers_micro_e
D:4:      layout_layer_cave, grunt_temple_overflow_open,
          mainiacjoe_overflow_24_doors, nicolae_dithmenos_the_darkroom,
          minmay_temple_entry_tees, serial_shops, nicolae_shop_trees,
          corexii_checkpoint_b, uniq_natasha, uniq_menkaure

Skill      XL: |  1  2  3  4  5 |
---------------+----------------+-----
Ice Magic      | 5 |  5.7
Spellcasting   | 3 |  3.0
Conjurations   | 1 3 |  3.1
Dodging        | |  1.7
Stealth        | |  1.7

Action                   |  1- 3 |  4- 6 || total
-------------------------+-------+-------++-------
Melee: Unarmed           |    11 |       ||    11
       Tailslap          |    12 |     4 ||    16
       Dagger            |   103 |    53 ||   156
Throw: Boomerang         |       |    22 ||    22
 Cast: Freeze            |    42 |    31 ||    73
       Frozen Ramparts   |     1 |     3 ||     4
       Magic Dart        |     1 |       ||     1
       Static Discharge  |       |     9 ||     9
  Use: Scroll            |       |     7 ||     7
       Potion            |       |     3 ||     3
 Stab: Sleeping          |     2 |       ||     2
Armor: Skin              |    61 |    26 ||    87
Dodge: Dodged            |   123 |    65 ||   188

Table legend: (Time is in decaauts)
 A = Elapsed time spent in this place.
 B = Non-inter-level travel time spent in this place.
 C = Inter-level travel time spent in this place.
 D = Time resting spent in this place.
 E = Time spent auto-exploring this place.
 F = Levels seen in this place.
 G = Mean time per level.
                   A        B        C        D        E       F      G
               +--------+--------+--------+--------+--------+-----+--------+
         Total |   5317 |   5223 |     94 |   1602 |   2676 |   4 | 1329.2 |
       Dungeon |   5317 |   5223 |     94 |   1602 |   2676 |   4 | 1329.2 |
               +--------+--------+--------+--------+--------+-----+--------+

Top non-repeatable levels by time:
     D:1: 1907 daAuts
     D:3: 1458 daAuts
     D:2: 1437 daAuts
     D:4: 514 daAuts
